 Dungeon Crawl Stone Soup version 0.28-a0-723-g095bd1b44f (webtiles) character file.

Game seed: 16081993431539987062

5046 flotson the Skirmisher (level 10, -14/79 HPs)
             Began as a Demonspawn Delver on Oct 26, 2021.
             Was an Initiate of Gozag.
             Killed from afar by an ice statue (30 damage)
             ... with a bolt of cold
             ... on level 9 of the Dungeon.
             The game lasted 00:22:14 (12352 turns).

flotson the Skirmisher (Demonspawn Delver)         Turns: 12352, Time: 00:22:15

Health: -14/79     AC: 14    Str: 16    XL:     10   Next: 30%
Magic:  0/10       EV: 32    Int: 12    God:    Gozag
Gold:   460        SH: 11    Dex: 20    Spells: 7/9 levels left

rFire   . . .      SeeInvis .   a - +4 dagger (distort)
rCold   . . .      Faith    .   b - +0 kite shield
rNeg    . . .      Spirit   +   n - +0 ring mail
rPois   +          Reflect  .   (helmet restricted)
rElec   .          Harm     .   w - +0 cloak
rCorr   .          Rampage  .   H - +2 pair of gloves {Stlth+}
Will    .....                   (no boots)
Stlth   +++.......              K - amulet of the acrobat
HPRegen 0.23/turn               f - +4 ring of evasion
MPRegen 0.24/turn               z - +6 ring of dexterity

@: acrobatic
A: antennae 1, slimy green scales 3, magic shield, magic regeneration, demonic
magic 1
a: Renounce Religion, Potion Petition, Call Merchant, Bribe Branch


You were on level 9 of the Dungeon.
You worshipped Gozag.
Gozag was aware of your devotion.
You visited 2 branches of the dungeon, and saw 11 of its levels.

You collected 1025 gold pieces.
You spent 509 gold pieces at shops.
You paid 56 gold pieces to Gozag.

Inventory:

Hand Weapons
 a - a +4 dagger of distortion (weapon)
 i - the +8 falchion of Qazlal {freeze, rElec rPois}
   (You found it on level 6 of the Dungeon)

   It freezes those it strikes, dealing additional cold damage.
   It can also slow down cold-blooded creatures.
   rElec:     It insulates you from electricity.
   rPois:     It protects you from poison.
 j - a +2 dagger of freezing
 x - a +0 hand axe
Missiles
 r - 6 boomerangs
 B - 3 curare-tipped darts
 G - 26 poisoned darts (quivered)
 I - 6 javelins
 J - 2 throwing nets
Armour
 b - a +0 kite shield (worn)
 n - a +0 ring mail (worn)
 w - a +0 cloak (worn)
 H - a +2 pair of gloves of stealth (worn)
Jewellery
 f - a +4 ring of evasion (left hand)
 z - a +6 ring of dexterity (right hand)
 K - an amulet of the acrobat (around neck)
Wands
 g - a wand of digging (3)
 u - a wand of flame (36)
 y - a wand of paralysis (8)
 C - a wand of iceblast (10)
Scrolls
 c - 4 scrolls of fog
 d - a scroll of magic mapping
 e - 2 scrolls of fear
 h - 3 scrolls of enchant armour
 k - 2 scrolls of teleportation
 l - a scroll of enchant weapon {unknown}
 m - a scroll of vulnerability {unknown}
 A - a scroll of blinking {unknown}
 F - a scroll of holy word {unknown}
Potions
 o - a potion of resistance
 p - 6 potions of curing
 q - a potion of degeneration
 s - a potion of heal wounds
 t - 3 potions of haste
 v - a potion of might
 D - a potion of flight
 E - a potion of berserk rage


   Skills:
 + Level 7.4 Fighting
 - Level 1.7 Axes
 + Level 3.7 Throwing
 + Level 5.9 Armour
 + Level 6.4 Dodging
 - Level 4.5 Stealth
 + Level 5.6 Shields
 + Level 5.0 Translocations
 - Level 2.5 Evocations


You had 7 spell levels left.
You knew the following spells:

 Your Spells              Type           Power      Damage    Failure   Level
a - Blink                 Tloc           24%        N/A       36%         2

Your spell library contained the following spells:

 Spells                   Type           Power      Damage    Failure   Level
 Lesser Beckoning         Tloc           12%        N/A       58%         3
 Animate Skeleton         Necr           0%         N/A       89%         1
 Pain                     Necr           0%         1d4       89%         1
 Passwall                 Tmut/Erth      0%         N/A       96%         2
 Slow                     Hex            0%         N/A       96%         2
 Confusing Touch          Hex            0%         N/A       99%         3
 Swiftness                Air            0%         N/A       99%         3
 Vampiric Draining        Necr           0%         2d6       99%         3
 Petrify                  Tmut/Erth      0%         N/A       100%        4
 Fireball                 Conj/Fire      0%         3d3       100%        5
 Manifold Assault         Tloc           12%        N/A       100%        5
 Metabolic Englaciation   Hex/Ice        0%         N/A       100%        5
 Yara's Violent Unravell  Hex/Tmut       0%         3d3       100%        5
 Invisibility             Hex            0%         N/A       100%        6
 Starburst                Conj/Fire      0%         6d3       100%        6
 Statue Form              Tmut/Erth      0%         N/A       100%        6
 Ignition                 Fire           0%         3d3       100%        8


Dungeon Overview and Level Annotations

Branches:
Dungeon (10/15)            Temple (1/1) D:4
   Lair: D:8-11         Orc: D:9-12

Altars:
Gozag
Hepliaklqana
Nemelex Xobeh
Okawaru
Ru
Trog
Yredelemnul

Shops:
D:5 :?!?   D:7 [!

Annotations:
D:9 exclusion: ice statue


Innate Abilities, Weirdness & Mutations

You have a pair of small antennae on your head.
You are completely covered in slimy green scales. (AC +4, rPois)
When hurt, damage is shared between your health and your magic reserves.
You regenerate magic rapidly.
Spells you cast may paralyse adjacent enemies.


Message History

(D) Dungeon (T) Temple
Where to? (Enter - D:8, ? - help)
You see here a +0 whip.
There is a stone staircase leading down here.
You climb downwards.
Level annotation: exclusion: ice statue
There is a stone staircase leading up here.
Partly explored, can't reach some items.
You see here 8 stones.
Really walk into a travel-excluded area? [Y]es or [N]o only, please.
Really walk into a travel-excluded area?
The ice statue gestures.
The ice statue gestures at you. The freezing blast engulfs you.
You are engulfed in freezing vapours.
You block the ice beast's attack.
The ice statue gestures.
You block the ice beast's attack.
You hit the ice statue.
The ice statue is lightly damaged.
The ice statue gestures at you. The freezing blast engulfs you.
You block the ice beast's attack.
The ice statue gestures.
You hit the ice statue but do no damage.
The ice statue is lightly damaged.
You are engulfed in freezing vapours.
You block the ice beast's attack.
The ice beast hits you but does no damage.
You barely miss the ice statue.
The ice statue is lightly damaged.
You are engulfed in freezing vapours.
You block the ice beast's attack. x2
You are engulfed in freezing vapours.
* * * LOW HITPOINT WARNING * * *
The ice beast misses you. You block the ice beast's attack.
You block the ice beast's attack. The ice statue gestures at you.
The bolt of cold hits the ice beast.
The ice beast completely resists.
The bolt of cold hits you!!
You die...
Your body crumbles into a pile of gold.

............................#
####...[............)).(....#
#..###.################..#
####..###.################.)#
..........................).#
######.............(.....<..#
# #......................# #
#.........Y............# #
#.......Y.Y@...........# #
#.....8?...............#
######......................#
............................#
.............$..............#
.................##########.#
.................# #.#
......#....##..### #.#
......#.#####.#############.#


You could see an ice statue and 3 ice beasts.

Vanquished Creatures
  2 two-headed ogres
  A centaur warrior (D:9)
  A wyvern (D:9)
  2 steam dragons (D:8)
  3 yaks (D:8)
  A vampire mosquito (D:9)
  A water moccasin (D:7)
  2 acid dragons
  An orc warrior (D:7)
  A sky beast (D:8)
  A black bear (D:6)
  A hornet zombie (D:8)
  A necrophage (D:8)
  A centaur (D:6)
  A phantom (D:5)
  A kobold brigand (D:9)
  A bullfrog (D:6)
  2 gnoll sergeants (D:9)
  A water moccasin skeleton (D:6)
  2 howler monkeys
  A hound (D:4)
  2 bullfrog skeletons
  3 jellies
  2 orc priests
  A centaur skeleton (D:6)
  Ijyb (D:4)
  2 iguanas
  An orc wizard (D:5)
  A hound skeleton (D:5)
  3 howler monkey zombies
  11 gnolls
  10 adders
  A shadow imp (D:5)
  2 white imps (D:5)
  An ufetubus (D:7)
  2 adder skeletons (D:4)
  An adder zombie (D:5)
  A worm (D:3)
  8 orcs
  5 ball pythons
  6 bats
  6 endoplasms
  3 giant cockroaches
  5 goblins
  5 hobgoblins
  13 kobolds
  8 quokkas
  3 frilled lizards
  6 rats
141 creatures vanquished.

Vanquished Creatures (others)
  A scorpion (D:6)
  A gnoll (D:9)
2 creatures vanquished.

Grand Total: 143 creatures vanquished

Notes
Turn   | Place    | Note
-------+----------+-------------------------------------------
     0 | D:5      | flotson the Demonspawn Delver began the quest for the Orb.
     0 | D:5      | Reached XP level 1. HP: 18/18 MP: 1/1
    20 | D:5      | Noticed an iguana
    52 | D:4      | Noticed Ijyb
   180 | D:3      | Gained mutation: You are partially covered in slimy green
                  | scales. (AC +2) [demonic ancestry]
   180 | D:3      | Reached XP level 2. HP: 7/24 MP: 2/2
   746 | D:1      | Reached skill level 1 in Armour
  1090 | D:1      | Gained mutation: You regenerate magic rapidly. [demonic
                  | ancestry]
  1090 | D:1      | Reached XP level 3. HP: 29/29 MP: 3/3
  2037 | D:3      | Gained mutation: You are mostly covered in slimy green
                  | scales. (AC +3) [demonic ancestry]
  2037 | D:3      | Reached XP level 4. HP: 35/37 MP: 4/4
  3597 | D:4      | Gained mutation: When hurt, damage is shared between your
                  | health and your magic reserves. [demonic ancestry]
  3597 | D:4      | Reached XP level 5. HP: 32/42 MP: 5/5
  3695 | D:4      | Found a staircase to the Ecumenical Temple.
  3706 | Temple   | Entered the Ecumenical Temple
  3708 | Temple   | Reached skill level 1 in Evocations
  3713 | Temple   | Became a worshipper of Gozag Ym Sagoz the Greedy
  3841 | D:4      | Reached skill level 4 in Fighting
  3841 | D:4      | Reached skill level 1 in Throwing
  3943 | D:4      | Paralysed by Ijyb for 3 turns
  3949 | D:4      | Killed Ijyb
  4139 | D:4      | Reached skill level 1 in Shields
  4376 | D:4      | Gained mutation: You are completely covered in slimy green
                  | scales. (AC +4, rPois) [demonic ancestry]
  4376 | D:4      | Reached XP level 6. HP: 48/48 MP: 6/6
  4923 | D:5      | Found Neexuenk's Magic Scroll Emporium.
  4931 | D:5      | Bought a scroll of identify for 28 gold pieces
  4931 | D:5      | Bought a scroll of noise for 14 gold pieces
  5088 | D:5      | Found Ceh Leca's Magic Scroll Boutique.
  5100 | D:5      | Bought a scroll of identify for 24 gold pieces
  5100 | D:5      | Bought a scroll of identify for 24 gold pieces
  5100 | D:5      | Bought a scroll of identify for 24 gold pieces
  5100 | D:5      | Bought a scroll of identify for 24 gold pieces
  5177 | D:5      | Bought a scroll of identify for 28 gold pieces
  5177 | D:5      | Bought a scroll of teleportation for 42 gold pieces
  5317 | D:5      | Gained mutation: Spells you cast may paralyse adjacent
                  | enemies. [demonic ancestry]
  5317 | D:5      | Reached XP level 7. HP: 54/55 MP: 7/7
  5396 | D:5      | Found Xeynnis's Book Shop.
  5400 | D:5      | Learned a level 2 spell: Blink
  5466 | D:5      | Found Axtavvauhi's Distillery.
  5733 | D:6      | Reached skill level 1 in Translocations
  5870 | D:6      | Identified the +8 falchion of Qazlal {freeze, rElec rPois}
  5900 | D:6      | Reached skill level 5 in Fighting
  6231 | D:6      | Found a sparkling altar of Nemelex Xobeh.
  6535 | D:7      | Reached XP level 8. HP: 62/62 MP: 8/8
  6537 | D:7      | Found Cefeoj's Distillery.
  6874 | D:7      | Found Letho's Armour Emporium.
  7624 | D:8      | Noticed a two-headed ogre
  8328 | D:7      | Reached skill level 5 in Dodging
  8525 | D:8      | Reached skill level 6 in Fighting
  8623 | D:8      | Gained mutation: You have a pair of small antennae on your
                  | head. [demonic ancestry]
  8623 | D:8      | Reached XP level 9. HP: 36/69 MP: 9/9
  8824 | D:8      | Killed a two-headed ogre
  8825 | D:8      | Reached skill level 5 in Armour
  8914 | D:7      | Bought a +2 pair of gloves of stealth for 301 gold pieces
  9458 | D:9      | Noticed an ice statue
 10344 | D:9      | Noticed a centaur warrior
 10358 | D:9      | Killed a centaur warrior
 10359 | D:9      | Reached skill level 7 in Fighting
 10359 | D:9      | Reached skill level 5 in Shields
 10359 | D:9      | Reached XP level 10. HP: 53/79 MP: 7/10
 10921 | D:10     | Entered Level 10 of the Dungeon
 10933 | D:10     | Noticed a two-headed ogre
 10944 | D:10     | Killed a two-headed ogre
 11041 | D:9      | Reached skill level 5 in Translocations
 12352 | D:9      | Killed from afar by an ice statue

Illustrated notes

Levels and vault maps discovered:
D:1:      matt_arrival_refuge, layout_rooms
D:2:      layout_loops_ring, chequers_serial_rivers_micro_d
D:3:      layout_loops_ring, minmay_fractal_squares_diagonal_5
D:4:      layout_basic, minmay_temple_entry_sparse_star, minmay_statues_item,
          uniq_ijyb
D:5:      layout_loops_ring, serial_shops, shop, shop, shop,
          nicolae_lakefront_shop
D:6:      layout_loops_ring, nemelex_spade_bored_becter, grunt_ministairs_6
D:7:      layout_loops_cross, serial_shops, nicolae_shop_crystal,
          nicolae_inconvenience_store
D:8:      layout_loops_cross, grunt_ministairs_2, skrybe_limestone_x
D:9:      layout_long_grid, grunt_decor_resistance, minivault_16
D:10:     layout_irregular_city, orc_0_dummy, serial_column_ruins,
          column_ruins_grid_1, column_ruins_open_tiny, column_ruins_open_tiny,
          column_ruins_open_tiny, column_ruins_columns_straight,
          column_ruins_open_small, column_ruins_open_tiny_water, minivault_13
Temple:   compressed_dpeg_circular_temple

Skill      XL: |  1  2  3  4  5  6  7  8  9 10 |
---------------+-------------------------------+-----
Dodging        | 2 3 4 5 6 |  6.4
Armour         | 1 2 3 4 5 |  5.9
Evocations     | 1 2 |  2.5
Fighting       | 4 5 6 7 |  7.4
Throwing       | 1 2 3 |  3.7
Shields        | 1 2 4 5 |  5.6
Translocations | 1 3 4 5 |  5.0
Axes           | |  1.7
Stealth        | |  4.5

Action                   |  1- 3 |  4- 6 |  7- 9 | 10-12 || total
-------------------------+-------+-------+-------+-------++-------
Melee: Hand axe          |    29 |       |       |       ||    29
       Dagger            |    93 |   140 |   218 |    76 ||   527
Throw: Boomerang         |       |     1 |    11 |       ||    12
       Dart              |       |       |    33 |    10 ||    43
Evoke: Wand              |       |       |     2 |    14 ||    16
  Use: Potion            |     1 |       |       |     1 ||     2
       Scroll            |       |    10 |     2 |       ||    12
 Stab: Sleeping          |    10 |     2 |     2 |     1 ||    15
       Distracted        |       |     1 |       |       ||     1
Armor: Leather armour    |    16 |       |       |       ||    16
       Ring mail         |    12 |    36 |    55 |    26 ||   129
Dodge: Dodged            |    71 |    93 |   139 |    60 ||   363
Block: Buckler           |       |    11 |       |       ||    11
       Kite shield       |       |       |   103 |    52 ||   155

Table legend: (Time is in decaauts)
 A = Elapsed time spent in this place.
 B = Non-inter-level travel time spent in this place.
 C = Inter-level travel time spent in this place.
 D = Time resting spent in this place.
 E = Time spent auto-exploring this place.
 F = Levels seen in this place.
 G = Mean time per level.
                   A        B        C        D        E       F      G
               +--------+--------+--------+--------+--------+-----+--------+
         Total |  12430 |  11718 |    712 |   1581 |   8009 |  11 | 1130.0 |
       Dungeon |  12416 |  11710 |    706 |   1581 |   8009 |  10 | 1241.6 |
        Temple |     13 |      7 |      6 |      0 |      0 |   1 |   13.0 |
               +--------+--------+--------+--------+--------+-----+--------+

Top non-repeatable levels by time:
     D:8: 2151 daAuts
     D:9: 1917 daAuts
     D:7: 1752 daAuts
     D:3: 1692 daAuts
     D:4: 1347 daAuts
     D:2: 965 daAuts
     D:6: 933 daAuts
     D:5: 788 daAuts
     D:1: 752 daAuts
    D:10: 115 daAuts
  Temple: 13 daAuts
